 Dungeon Crawl Stone Soup version 0.26-a0-651-gb41185065b (webtiles) character file.

Game seed: 3971473298017170570

5896 huuhuu the Destroyer (level 10, 0/60 HPs)
             Began as an Octopode Conjurer on Oct 24, 2020.
             Was a Believer of Sif Muna.
             Slain by a troll (4 damage)
             ... on level 9 of the Dungeon on Oct 28, 2020.
             The game lasted 01:04:21 (12748 turns).

huuhuu the Destroyer (Octopode Conjurer)           Turns: 12748, Time: 01:04:22

Health: 0/60       AC:  1    Str: 12    XL:     10   Next: 82%
Magic:  5/13       EV: 14    Int: 22    God:    Sif Muna [**....]
Gold:   440        SH:  0    Dex: 16    Spells: 0/13 levels left

rFire    + . .     SeeInvis .   a - +10 dagger of Chance {pain, rPois rC+ Str+3}
rCold    + . .     Faith    .   (no shield)
rNeg     . . .     Spirit   .   (helmet restricted)
rPois    +         Reflect  .   (no amulet)
rElec    .         Harm     .   b - ring of stealth
rCorr    .         Rampage  .   A - +6 ring of dexterity
MR       .....                  g - ring of protection from fire
Stlth    ++++++++..             r - ring of stealth (curse)
HPRegen  0.20/turn              H - ring of stealth
MPRegen  0.13/turn              (no ring)
                                (no ring)
                                (no ring)

@: mighty, hasted (expiring), very quick
A: almost no armour, stealthy swim, amphibious, 8 rings, constrict 8, camouflage
1, gelatinous body 1
a: Channel Magic, Renounce Religion


You were on level 9 of the Dungeon.
You worshipped Sif Muna.
Sif Muna was pleased with you.
You visited 2 branches of the dungeon, and saw 10 of its levels.
You also visited: Sewer.

You collected 440 gold pieces.

Inventory:

Hand Weapons
 a - the +10 dagger of Chance (weapon) {pain, rPois rC+ Str+3}
   (You took it off an orc wizard on level 8 of the Dungeon)

   In the hands of one skilled in necromantic magic, it inflicts extra damage on
   living creatures.
   It affects your strength (+3).
   It protects you from cold.
   It protects you from poison.
 k - a +3 spear
Magical Staves
 J - an uncursed staff of air
Jewellery
 b - a ring of stealth (left tentacle)
 g - a ring of protection from fire (on tentacle)
 r - a cursed ring of stealth (on tentacle)
 A - a +6 ring of dexterity (right tentacle)
 H - a ring of stealth (on tentacle)
Wands
 s - a wand of flame (58)
 x - a wand of acid (15)
 y - a wand of disintegration (28)
 B - a wand of random effects (21)
Scrolls
 c - 3 scrolls of identify
 h - 5 scrolls of remove curse
 j - 3 scrolls of blinking
 q - 8 scrolls of teleportation
 t - 4 scrolls of fog {unknown}
 v - 5 scrolls of magic mapping {unknown}
 w - a scroll of torment {unknown}
 z - a scroll of fear {unknown}
 C - a scroll of enchant weapon {unknown}
 D - 2 scrolls of amnesia {unknown}
 E - 3 scrolls of enchant armour {unknown}
 G - a scroll of silence {unknown}
Potions
 d - 3 potions of haste
 e - 2 potions of curing
 f - a potion of cancellation {unknown}
 i - 2 potions of might
 l - 2 potions of mutation {unknown}
 m - 6 potions of flight
 n - 2 potions of lignification {unknown}
 o - 6 potions of heal wounds
 p - a potion of brilliance {unknown}
 u - a potion of magic {unknown}
 F - 2 potions of stabbing {unknown}
 I - 2 potions of degeneration {unknown}


   Skills:
 + Level 2.1 Fighting
 + Level 2.1 Short Blades
 - Level 2.0 Dodging
 - Level 7.6 Stealth
 - Level 2.0 Spellcasting
 * Level 11.4 Conjurations
 + Level 9.3 Hexes
 + Level 2.2 Fire Magic
 + Level 2.3 Evocations


You couldn't memorise any spells.
You knew the following spells:

 Your Spells              Type           Power        Failure   Level
a - Magic Dart            Conj           ####         1%          1
b - Searing Ray           Conj           ######       1%          2
c - Dazzling Flash        Conj/Hex       #####.       1%          3
d - Fulminant Prism       Conj/Hex       #####.....   1%          4
e - Conjure Flame         Conj/Fire      ####....     2%          3

Your spell library contained the following spells:

 Spells                   Type           Power        Failure   Level
 Slow                     Hex            #####...     1%          2
 Inner Flame              Hex/Fire       ####....     3%          3
 Mephitic Cloud           Conj/Pois/Air  ###.....     9%          3
 Sticky Flame             Conj/Fire      ####....     9%          4
 Iskenderun's Mystic Bla  Conj/Tloc      ####....     13%         4
 Blink                    Tloc           N/A          21%         2
 Call Imp                 Summ           #.......     21%         2
 Bolt of Magma            Conj/Fire/Erth ###.......   52%         5
 Ignition                 Fire           ##........   100%        8


Dungeon Overview and Level Annotations

Branches:
Dungeon (9/15)             Temple (1/1) D:6           Sewer (visited)
   Lair: D:8-11         Orc: D:9-12

Altars:
Ashenzari
Dithmenos
Elyvilon
Fedhas
Gozag
Hepliaklqana
Kikubaaqudgha
Makhleb
Nemelex Xobeh
Okawaru
Qazlal
Ru
Sif Muna
Trog
Uskayaw
Vehumet
Wu Jian
Xom
Yredelemnul
Zin
The Shining One

Shops:
D:7 }   D:8 (

Annotations:
D:3 3 runed translucent doors, walterwhite's ghost, amateur GrFi
D:6 1 runed translucent door


Innate Abilities, Weirdness & Mutations

You cannot wear most types of armour.
You are very stealthy in the water. (Stealth+)
You are amphibious.
You can wear up to eight rings at the same time.
You can use your tentacles to constrict eight enemies at once.
Your skin changes colour to match your surroundings (Stealth+).
Your rubbery body absorbs attacks. (AC +1, EV +1)


Message History

The shadow imp gestures at you.
You struggle to resist.
You puncture the shadow imp!
You kill the shadow imp!
Sif Muna accepts your kill.
Unknown command.
A troll comes into view.
Found a shiny helmet.
Your extra speed is starting to run out.
The troll bites you! The troll claws you! The troll closely misses you.
You puncture the troll!
The troll is moderately wounded.
You hit the troll.
The troll is heavily wounded.
The troll bites you!
* * * LOW HITPOINT WARNING * * *
The troll claws you.
* * * LOW HITPOINT WARNING * * *
The troll claws you.
You die...

#....#. ...........
#....#.............
#....#........)....
#....#.....(.)|.(.z
#....#.......)....K
######....###'####...###
..[..............#######
......>..........#.....'
......T@......)..)(....#
.................#..##.#
##....###'###....#..##.#
#.... .....#....#..#...
#... #.....#...)#..#...
#... #...###...)######.
.... #...# ####......#.
.... #......+. #......#


You could see a troll.

Vanquished Creatures
  A cyclops (D:8)
  Grinder (D:3)
  A hippogriff (D:7)
  5 yaks
  Duvessa (D:6)
  An ice beast (D:5)
  A black bear (D:4)
  A hornet zombie (D:9)
  2 phantoms
  2 necrophages (D:6)
  7 ogres
  3 sky beasts
  4 centaurs
  2 big kobolds
  3 bullfrogs
  2 wyvern zombies
  Dowan (Temple)
  A gnoll sergeant (D:7)
  6 scorpions
  5 killer bees
  6 wights
  A bullfrog zombie (D:5)
  4 hounds
  Crazy Yiuf (D:3)
  2 centaur skeletons (D:7)
  4 orc priests
  Ijyb (D:5)
  5 orc wizards
  An iguana (D:6)
  5 worker ants
  The ghost of Amon001 the Covert, a weakling GnDe (D:6)
  A hound skeleton (D:6)
  2 howler monkey zombies
  10 gnolls
  12 adders
  A river rat (Sewer)
  4 shadow imps
  6 white imps
  4 ufetubi
  5 oozes
  3 adder zombies
  5 worms
  An adder skeleton (D:4)
  5 dart slugs
  9 leopard geckos
  16 orcs
  9 giant cockroaches
  5 goblins
  7 hobgoblins
  12 jackals
  24 kobolds
  2 quokkas
  6 ball pythons
  A ball python skeleton (D:4)
  6 bats
  4 frilled lizards
  2 quokka zombies
  7 rats
250 creatures vanquished.

Vanquished Creatures (others)
  32 fulminant prisms
  4 plants (D:3)
  3 withered plants (D:9)
39 creatures vanquished.

Grand Total: 289 creatures vanquished

Notes
Turn   | Place    | Note
-------+----------+-------------------------------------------
     0 | D:1      | huuhuu the Octopode Conjurer began the quest for the Orb.
     0 | D:1      | Reached XP level 1. HP: 11/11 MP: 3/3
   139 | D:1      | Reached XP level 2. HP: 17/17 MP: 1/5
   233 | D:1      | Learned a level 2 spell: Searing Ray
   611 | D:1      | Reached XP level 3. HP: 21/21 MP: 4/6
   616 | D:1      | Learned a level 3 spell: Dazzling Flash
   721 | D:1      | Reached skill level 5 in Conjurations
  1235 | D:2      | Reached skill level 1 in Hexes
  1267 | D:2      | Reached XP level 4. HP: 27/27 MP: 7/7
  1603 | D:2      | Found a white marble altar of Elyvilon.
  1968 | D:2      | Reached XP level 5. HP: 31/31 MP: 5/8
  2178 | D:2      | Found a broken altar of Ashenzari.
  2185 | D:2      | Found a shadowy altar of Dithmenos.
  2207 | D:3      | Noticed walterwhite's ghost (amateur GrFi)
  2261 | D:3      | Found a runed translucent gate.
  2261 | D:3      | Found a runed translucent gate.
  2261 | D:3      | Found a runed translucent gate.
  2299 | D:3      | Found a sacrificial altar of Ru.
  2684 | D:3      | Found an ancient bone altar of Kikubaaqudgha.
  2805 | D:3      | Reached skill level 6 in Conjurations
  2922 | D:3      | Noticed Grinder
  2931 | D:3      | Killed Grinder
  2931 | D:3      | Reached XP level 6. HP: 26/36 MP: 1/9
  3096 | D:3      | Found a runed translucent door.
  3097 | D:3      | Noticed Crazy Yiuf
  3103 | D:3      | Killed Crazy Yiuf
  3469 | D:4      | Noticed a black bear
  3650 | D:4      | Killed a black bear
  3650 | D:4      | Reached skill level 7 in Conjurations
  3650 | D:4      | Reached XP level 7. HP: 41/41 MP: 5/10
  3707 | D:4      | Found a glowing drain.
  3722 | Sewer    | Entered a sewer
  3959 | Sewer    | Reached skill level 5 in Stealth
  4133 | Sewer    | Learned a level 4 spell: Fulminant Prism
  5347 | D:5      | Entered Level 5 of the Dungeon
  5418 | D:5      | Reached XP level 8. HP: 36/46 MP: 5/11
  5735 | D:5      | Reached skill level 8 in Conjurations
  5787 | D:5      | Noticed Ijyb
  5794 | D:5      | Killed Ijyb
  6070 | D:5      | Reached skill level 5 in Hexes
  6450 | D:6      | Found a staircase to the Ecumenical Temple.
  6461 | D:6      | Identified the Handbook of the Rocks and Ignition
  6468 | Temple   | Entered the Ecumenical Temple
  6525 | Temple   | Became a worshipper of Sif Muna the Loreminder
  6820 | D:6      | Noticed Duvessa
  6860 | D:6      | Noticed Dowan
  6864 | D:6      | Killed Duvessa
  7037 | Temple   | Killed Dowan
  7511 | D:6      | Reached skill level 9 in Conjurations
  7511 | D:6      | Reached XP level 9. HP: 49/49 MP: 8/12
  7849 | D:6      | Found a radiant altar of Vehumet.
  7920 | D:6      | Found a white marble altar of Elyvilon.
  7920 | D:6      | Noticed an angel
  7921 | D:6      | Found a runed translucent door.
  8341 | D:6      | Found a transporter.
  8426 | D:6      | Found an iron altar of Okawaru.
  8595 | D:6      | Found a transporter.
  8598 | D:6      | Noticed Amon001's ghost (weakling GnDe)
  8624 | D:6      | Killed Amon001's ghost
  8899 | D:7      | Reached skill level 10 in Conjurations
  9026 | D:7      | Reached * piety under Sif Muna
  9053 | D:7      | Found Xoahih's Gadget Shop.
  9669 | D:7      | Reached XP level 10. HP: 33/54 MP: 1/13
  9939 | D:7      | Found a broken altar of Ashenzari.
 10677 | D:8      | Identified the +10 dagger of Chance {pain, rPois rC+ Str+3}
 10760 | D:8      | Learned a level 3 spell: Conjure Flame
 10887 | D:8      | Noticed a cyclops
 11032 | D:8      | Killed a cyclops
 11032 | D:8      | Reached skill level 11 in Conjurations
 11246 | D:8      | Found Muhinukk's Antique Weapon Shoppe.
 11265 | D:8      | Reached ** piety under Sif Muna
 11269 | D:8      | Reached skill level 1 in Evocations
 11275 | D:8      | Reached skill level 1 in Fighting
 11275 | D:8      | Reached skill level 1 in Short Blades
 11276 | D:8      | Reached skill level 1 in Fire Magic
 12373 | D:9      | Found an opulent altar of Gozag.
 12748 | D:9      | Slain by a troll

Illustrated notes

Levels and vault maps discovered:
D:1:      psy_arrival_spokes, layout_basic
D:2:      layout_basic, elyvilon_altar_1, amethyst_overflow_temple_binary,
          minmay_small_reverse_x
D:3:      cheibrodos_old_hovel, layout_rooms, marbit_many_paths,
          kiku_gazebo_pond_becter, gammafunk_ghost_split,
          kennysheep_generic_room_10, uniq_crazy_yiuf_cottage, uniq_grinder
D:4:      layout_basic, cheibrodos_sewer_entry_bend
D:5:      layout_rooms, uniq_ijyb
D:6:      layout_basic, vehumet_crystals, okawaru_metal_pillars_1_2,
          minmay_temple_entry_offerings, gammafunk_ghost_smash,
          lemuel_angel_altar, uniq_duvessa
D:7:      layout_loops_ring, serial_shops, nicolae_shop_crystal, basic_altar
D:8:      layout_basic, serial_shops, nicolae_shop_behind_doors
D:9:      cheibrodos_grave_circle, layout_gridville, slow_altar_2,
          nicolae_gozag_cash_rules_everything_around_me
Temple:   zaba_magenta_temple

Skill      XL: |  1  2  3  4  5  6  7  8  9 10 |
---------------+-------------------------------+-----
Conjurations   | 5 6 7 9 10 11 | 11.4
Hexes          | 1 2 3 4 6 8 9 |  9.3
Stealth        | 4 5 7 |  7.6
Evocations     | 2 |  2.3
Fighting       | 2 |  2.1
Short Blades   | 2 |  2.1
Fire Magic     | 2 |  2.2
Dodging        | |  2.0
Spellcasting   | |  2.0

Action                   |  1- 3 |  4- 6 |  7- 9 | 10-12 || total
-------------------------+-------+-------+-------+-------++-------
Melee: Unarmed           |    14 |       |       |       ||    14
       Constrict         |     7 |     9 |     1 |     9 ||    26
       Tentacles         |     4 |     5 |     1 |     4 ||    14
       Dagger            |     7 |    35 |    35 |    37 ||   114
 Cast: Magic Dart        |    34 |    14 |    44 |     6 ||    98
       Searing Ray       |    10 |    20 |    66 |    24 ||   120
       Fulminant Prism   |       |       |    17 |    15 ||    32
       Conjure Flame     |       |       |       |     1 ||     1
       Dazzling Flash    |       |       |       |     1 ||     1
Evoke: Wand              |       |       |       |     3 ||     3
  Use: Scroll            |       |     5 |     3 |       ||     8
       Potion            |       |       |       |     3 ||     3
 Stab: Distracted        |     1 |       |       |       ||     1
       Sleeping          |       |     3 |     9 |     3 ||    15
       Invisible         |       |       |       |     1 ||     1
Armor: Skin              |     3 |     5 |     3 |     1 ||    12
Dodge: Dodged            |    23 |    37 |    66 |    34 ||   160

Table legend: (Time is in decaauts)
 A = Elapsed time spent in this place.
 B = Non-inter-level travel time spent in this place.
 C = Inter-level travel time spent in this place.
 D = Time resting spent in this place.
 E = Time spent auto-exploring this place.
 F = Levels seen in this place.
 G = Mean time per level.
                   A        B        C        D        E       F      G
               +--------+--------+--------+--------+--------+-----+--------+
         Total |  12749 |  12370 |    379 |   5554 |   1887 |  11 | 1159.0 |
       Dungeon |  11083 |  10718 |    365 |   4348 |   1832 |   9 | 1231.4 |
        Temple |    958 |    944 |     14 |    855 |      0 |   1 |  958.0 |
         Sewer |    706 |    706 |      0 |    351 |     55 |   1 |  706.0 |
               +--------+--------+--------+--------+--------+-----+--------+

Top non-repeatable levels by time:
     D:6: 1687 daAuts
     D:4: 1586 daAuts
     D:7: 1585 daAuts
     D:8: 1387 daAuts
     D:2: 1355 daAuts
  Temple: 958 daAuts
     D:5: 944 daAuts
     D:3: 938 daAuts
     D:1: 923 daAuts
   Sewer: 706 daAuts
     D:9: 675 daAuts
